 Dungeon Crawl Stone Soup version 0.31.0-32-g396128a36d (webtiles) character file.

Game seed: 4924378871168406118

4977 diecastcamel the Cleaver (level 10, -1/126 HPs)
             Began as a Barachi Berserker on Apr 24, 2024.
             Was an Elder of Trog.
             Slain by a centaur warrior
             ... wielding the +8 whip "Snakebite" {venom, curare, rPois}
              (2 damage)
             ... on level 9 of the Dungeon on Apr 25, 2024.
             The game lasted 00:43:18 (10978 turns).

diecastcamel the Cleaver (Barachi Berserker)       Turns: 10978, Time: 00:43:18

Health: -1/126     AC: 19    Str: 23    XL:     10   Next: 53%
Magic:  10/10      EV:  7    Int:  8    God:    Trog [****..]
Gold:   320        SH:  5    Dex: 11    Spells: 9/9 levels left

rFire   . . .        b - +0 war axe
rCold   . . .        (no shield)
rNeg    + . .        D - +0 plate armour
rPois   .            p - +0 helmet
rElec   .            B - scarf {repulsion}
rCorr   .            i - +1 pair of gloves
SInv    .            e - +2 pair of boots
Will    .....        u - amulet of reflection Stlth
                     l - ring of positive energy
HPRegen 0.41/turn    (no ring)
MPRegen 0.12/turn

%: repel missiles, reflection
@: berserking, lethally poisoned (-1 -> -59), unable to hop, slowed, slow
A: amphibious, slowness 1, strong legs 1, +LOS
a: Hop, Renounce Religion, Berserk, Trog's Hand, Brothers in Arms


You were on level 9 of the Dungeon.
You worshipped Trog.
Trog was greatly pleased with you.
You visited 2 branches of the dungeon, and saw 10 of its levels.
You also visited: Ossuary.

You collected 528 gold pieces.
You spent 208 gold pieces at shops.

Inventory:

Hand Weapons
 b - a +0 war axe (weapon)
 G - a +1 whip of electrocution
Missiles
 n - 26 poisoned darts
 z - a throwing net
Armour
 e - a +2 pair of boots (worn)
 i - a +1 pair of gloves (worn)
 p - a +0 helmet (worn)
 B - a scarf of repulsion (worn)
 D - a +0 plate armour (worn)
 I - a +0 kite shield
Jewellery
 l - a ring of positive energy (left hand)
 u - an amulet of reflection (around neck)
Wands
 y - a wand of flame (9)
 A - a wand of mindburst (7)
 E - a wand of polymorph (3)
Scrolls
 a - a scroll of brand weapon
 c - 3 scrolls of blinking
 h - a scroll of revelation
 r - a scroll of fog
 t - 3 scrolls of teleportation
 x - a scroll of immolation
 C - a scroll of poison
 J - a scroll of identify
Potions
 d - 3 potions of enlightenment
 f - a potion of attraction {unknown}
 g - a potion of mutation {unknown}
 j - 5 potions of curing (quivered)
 k - 2 potions of degeneration {unknown}
 m - a potion of haste {unknown}
 o - 2 potions of resistance {unknown}
 q - 5 potions of might
 s - 3 potions of lignification
 v - a potion of magic {unknown}
 w - a potion of cancellation {unknown}
 F - a potion of invisibility {unknown}
 H - 2 potions of heal wounds {unknown}


   Skills:
 + Level 9.6 Fighting
 + Level 12.2 Axes
 + Level 5.6 Armour
 - Level 3.2 Dodging
 + Level 3.7 Shields
 - Level 5.0 Evocations


You had 9 spell levels left.
You didn't know any spells.
Your spell library was empty.

Dungeon Overview and Level Annotations

Branches:
Dungeon (9/15)             Temple (1/1) D:4         Ossuary (visited)
   Lair: D:8-11         Orc: D:9-12

Altars:
Ashenzari
Cheibriados
Dithmenos
Elyvilon
Fedhas
Gozag
Hepliaklqana
Kikubaaqudgha
Makhleb
Nemelex Xobeh
Okawaru
Qazlal
Ru
Sif Muna
Trog
Uskayaw
Vehumet
Wu Jian
Xom
Yredelemnul
Zin
The Shining One

Shops:
D:2 =   D:6 ?

Annotations:
D:6 1 exclusion


Innate Abilities, Weirdness & Mutations

You are amphibious.
You cover ground slowly.
You can hop short distances.
You have an extended range of vision and can be seen from far away.


Message History

The hornet stings you but does no damage.
Unknown command.
A red film seems to cover your vision as you go berserk!
You feel yourself moving faster!
You feel mighty!
You are too injured to fight recklessly!
You are too injured to fight recklessly!
You are too injured to fight recklessly!
You are too injured to fight recklessly!
You are too injured to fight recklessly!
You are too injured to fight recklessly!
You slash the centaur warrior!
The centaur warrior is moderately wounded.
The centaur warrior hits you with the +8 whip "Snakebite" {venom, curare, rPois}!
You are poisoned.
You block the centaur warrior's attack.
The centaur warrior hits you but does no damage.
You are more poisoned.
You have difficulty breathing.
You feel as though you will be slow longer.
The centaur warrior kicks you but does no damage.
You slice the centaur warrior!!
The centaur warrior is severely wounded.
You feel extremely sick.
The centaur warrior hits you with the +8 whip "Snakebite" {venom, curare, rPois}.
* * * LOW HITPOINT WARNING * * *
You are lethally poisoned!
You are more poisoned.
You have difficulty breathing.
* * * LOW HITPOINT WARNING * * *
You feel as though you will be slow longer.
The centaur warrior kicks you but does no damage.
You barely miss the centaur warrior.
The centaur warrior is severely wounded.
* * * LOW HITPOINT WARNING * * *
You feel extremely sick.
The centaur warrior hits you with the +8 whip "Snakebite" {venom, curare, rPois}!
* * * LOW HITPOINT WARNING * * *
You are more poisoned.
The centaur warrior kicks you.
You die...

##.#.#.#. #.#.#.#.#
##.#.#.#. #.#)#.#.#
##.#.#.#. #.######
###.#
##########.).#####
#.@..............#
#....#c#########'.#.##
#.#..#y........[#.....
#....##..#.#.#.#.#.....
.#..#.#.# #.#.###.....
# ..##c....#.#..#...###
#.. .#.#!.#.#.##.#.#
#.##... ..#K#.#..#.# ..
(#(# #.#.###.##.#


You could see a centaur warrior and a hornet.

Vanquished Creatures
  A two-headed ogre (D:9)
  Sigmund (D:5)
  A shadow (D:9)
  Menkaure (D:5)
  2 water moccasins
  An ice beast (D:8)
  2 orc warriors
  2 sky beasts
  An ogre (D:6)
  A centaur (D:9)
  2 elf zombies (Ossuary)
  A weeping skull (Ossuary)
  3 kobold brigands
  5 bullfrogs
  3 gnoll sergeants
  3 scorpions
  2 burial acolytes (Ossuary)
  A wight (D:9)
  10 killer bees
  2 centaur zombies (Ossuary)
  2 howler monkeys (D:9)
  3 bombardier beetles
  2 jellies
  2 gnoll boudas
  5 orc priests
  4 hounds
  A sleepcap (D:4)
  An iguana (D:7)
  Natasha (thrice) (D:2)
  5 orc wizards
  2 hound zombies (Ossuary)
  2 mummies (Ossuary)
  9 adders
  24 gnolls
  4 shadow imps
  2 white imps (D:7)
  3 ufetubi
  A dart slug (D:1)
  33 orcs
  4 endoplasms
  4 giant cockroaches
  7 hobgoblins
  6 jackals
  17 kobolds
  2 quokkas
  7 ball pythons
  5 bats
  A frilled lizard (D:1)
  5 gnoll zombies (Ossuary)
  4 goblins
  3 orc zombies (Ossuary)
  12 rats
230 creatures vanquished.

Notes
Turn   | Place    | Note
-------+----------+-------------------------------------------
     0 | D:1      | diecastcamel the Barachi Berserker began the quest for the
                  | Orb.
     0 | D:1      | Reached XP level 1. HP: 18/18 MP: 1/1
   255 | D:1      | Found a faded altar of an unknown god.
   351 | D:1      | Reached XP level 2. HP: 24/24 MP: 2/2
   391 | D:1      | Reached skill level 4 in Axes
   520 | D:1      | Reached XP level 3. HP: 29/29 MP: 3/3
  1047 | D:1      | Reached skill level 5 in Axes
  1068 | D:2      | Reached XP level 4. HP: 32/36 MP: 4/4
  1335 | D:2      | Reached ** piety under Trog
  1420 | D:2      | Noticed Natasha
  1556 | D:2      | Killed Natasha
  1557 | D:2      | Reached skill level 6 in Axes
  1559 | D:2      | Reached XP level 5. HP: 42/42 MP: 5/5
  1803 | D:2      | Noticed Natasha
  1812 | D:2      | Killed Natasha
  1840 | D:2      | Noticed Natasha
  1851 | D:2      | Killed Natasha
  1933 | D:2      | Found Wotrufol's Jewellery Shoppe.
  2716 | D:4      | Found a sand-covered staircase.
  2725 | Ossuary  | Entered an ossuary
  2725 | Ossuary  | Noticed a weeping skull
  2725 | Ossuary  | Noticed a weeping skull
  2725 | Ossuary  | Noticed a weeping skull
  2869 | Ossuary  | Reached XP level 6. HP: 49/49 MP: 6/6
  2981 | Ossuary  | Reached skill level 7 in Axes
  3135 | Ossuary  | Reached skill level 5 in Fighting
  3141 | Ossuary  | Reached XP level 7. HP: 27/56 MP: 7/7
  3254 | Ossuary  | Reached skill level 8 in Axes
  3626 | D:4      | Found a staircase to the Ecumenical Temple.
  3667 | Temple   | Entered the Ecumenical Temple
  4283 | D:5      | Entered Level 5 of the Dungeon
  4286 | D:5      | Noticed Sigmund
  4484 | D:5      | Reached skill level 9 in Axes
  4484 | D:5      | Reached XP level 8. HP: 56/65 MP: 8/8
  4795 | D:6      | Found a white marble altar of Elyvilon.
  4887 | D:6      | Found Qishrak's Magic Scroll Emporium.
  4893 | D:6      | Bought a scroll of identify for 22 gold pieces
  4893 | D:6      | Bought a scroll of identify for 22 gold pieces
  4893 | D:6      | Bought a scroll of enchant armour for 82 gold pieces
  4893 | D:6      | Bought a scroll of blinking for 82 gold pieces
  4972 | D:6      | Noticed a cyclops
  5375 | D:6      | Reached *** piety under Trog
  5434 | D:6      | Reached skill level 10 in Axes
  6666 | D:7      | Reached XP level 9. HP: 63/73 MP: 9/9
  6928 | D:8      | Reached skill level 1 in Evocations
  6985 | D:8      | Reached skill level 11 in Axes
  7825 | D:8      | Found a shadowy altar of Dithmenos.
  8093 | D:8      | Reached **** piety under Trog
  9022 | D:5      | Noticed Menkaure
  9029 | D:5      | Killed Menkaure
  9277 | D:5      | Reached skill level 1 in Shields
  9863 | D:5      | Killed Sigmund
  9864 | D:5      | Reached XP level 10. HP: 83/83 MP: 10/10
 10552 | D:9      | Reached skill level 12 in Axes
 10746 | D:9      | Reached skill level 5 in Armour
 10783 | D:9      | Noticed a two-headed ogre
 10793 | D:9      | Killed a two-headed ogre
 10925 | D:9      | Reached skill level 5 in Evocations
 10964 | D:9      | Paralysed by a hornet for 1 turns
 10968 | D:9      | Noticed a centaur warrior
 10978 | D:9      | HP: 1/126 [centaur warrior/the +8 whip "Snakebite" {venom,
                  | curare, rPois} (10)]
 10978 | D:9      | Slain by a centaur warrior

Illustrated notes

Levels and vault maps discovered:
D:1:      giann_forest_graveyard, layout_loops_ring,
          hellmonk_ecumenical_altar_inner_sanctum, minmay_hexomino_f4
D:2:      layout_loops_cross, serial_shops, shop, uniq_natasha
D:3:      layout_loops_cross
D:4:      layout_basic, minmay_temple_entry_overgrown, enter_ossuary_1
D:5:      kennysheep_six_static_rooms, layout_basic, kennysheep_dice,
          uniq_menkaure, uniq_sigmund
D:6:      minmay_clustersquares, layout_loops_ring,
          nicolae_elyvilon_peaceful_grove, serial_shops, nicolae_shop_stone
D:7:      layout_rooms
D:8:      layout_basic, lemuel_doored_altar
D:9:      minmay_the_grid_triangle_9x9_rhombus_thin_mashed
          [minmay_the_grid_triangle_9x9_skeleton,
          minmay_the_grid_triangle_9x9_prize_schism,
          minmay_the_grid_triangle_9x9_from_above,
          minmay_the_grid_triangle_9x9_sparse_checkered], layout_basic,
          orc_0_dummy
Temple:   mainiacjoe_temple_big_plus

Skill      XL: |  1  2  3  4  5  6  7  8  9 10 |
---------------+-------------------------------+-----
Axes           | 4 5 6 7 9 10 11 12 | 12.2
Fighting       | 4 5 6 7 9 |  9.6
Armour         | 3 4 5 |  5.6
Dodging        | 3 |  3.2
Evocations     | 4 5 |  5.0
Shields        | 2 3 |  3.7

Action                     |  1- 3 |  4- 6 |  7- 9 | 10-12 || total
---------------------------+-------+-------+-------+-------++-------
  Melee: Hand axe          |    85 |    98 |    51 |       ||   234
         Punch             |     1 |     1 |     6 |       ||     8
         Whip              |       |    77 |    29 |       ||   106
         War axe           |       |       |   429 |   146 ||   575
  Throw: Dart              |       |     3 |    18 |     4 ||    25
 Invoke: Berserk           |     4 |     5 |     9 |     3 ||    21
         Trog's Hand       |       |       |     1 |       ||     1
Ability: Hop               |       |       |     4 |     1 ||     5
  Evoke: Wand              |       |       |     2 |     2 ||     4
    Use: Scroll            |       |     1 |    13 |       ||    14
         Potion            |       |       |       |     1 ||     1
   Stab: Sleeping          |       |     1 |       |       ||     1
 Armour: Animal skin       |    52 |   108 |    17 |       ||   177
         Ring mail         |       |       |   106 |       ||   106
         Plate armour      |       |       |   218 |   132 ||   350
  Dodge: Dodged            |    66 |    91 |   175 |    46 ||   378
         Repelled          |       |       |     2 |     1 ||     3
  Block: Other             |       |       |    65 |    32 ||    97
